 Dungeon Crawl Stone Soup version 0.30-a0-715-gdb4ae3ece1 (webtiles) character file.

Game seed: 13619967140639269589

215 avis the Shooter (level 5, -2/45 HPs)
             Began as a Demigod Hunter on Jan 23, 2023.
             Splashed by a jelly's acid (9 damage)
             ... on level 4 of the Dungeon on Jan 24, 2023.
             The game lasted 00:13:26 (2977 turns).

avis the Shooter (Demigod Hunter)                   Turns: 2977, Time: 00:13:26

Health: -2/45      AC: -4    Str: 12    XL:     5   Next: 34%
Magic:  7/7        EV: 13    Int: 11    God:
Gold:   209        SH:  0    Dex: 21    Spells: 4/4 levels left

rFire   . . .      SeeInvis .    a - +0 shortbow
rCold   . . .      Faith    .    (shield currently unavailable)
rNeg    . . .      Spirit   .    c - +0 leather armour
rPois   .          Reflect  .    (no helmet)
rElec   .          Harm     .    (no cloak)
rCorr   .          Rampage  .    C - +0 pair of gloves
Will    .....                    (no boots)
Stlth   ++                       l - amulet of the acrobat
HPRegen 0.27/turn                i - ring of wizardry
MPRegen 0.10/turn                (no ring)

@: corroded
A: high MP 1, forlorn, divine attributes
a: no special abilities


You were on level 4 of the Dungeon.
You visited 1 branch of the dungeon, and saw 4 of its levels.

You collected 209 gold pieces.

Inventory:

Hand Weapons
 a - a +0 shortbow (weapon)
 b - a +1 short sword of venom
 o - a +0 sling
 z - a +1 rapier of distortion
 A - a +2 rapier of distortion
Armour
 c - a +0 leather armour (worn)
 C - a +0 pair of gloves (worn)
Magical Staves
 n - a staff of conjuration
 u - a staff of air
 B - a staff of air
Jewellery
 i - a ring of wizardry (left hand)
 j - an amulet of magic regeneration
 l - an amulet of the acrobat (around neck)
 s - an amulet of guardian spirit
Scrolls
 h - 4 scrolls of identify {unknown}
 m - a scroll of blinking {unknown}
 p - a scroll of teleportation {unknown}
 q - 3 scrolls of vulnerability {unknown}
 t - a scroll of enchant armour {unknown}
 v - a scroll of torment {unknown}
 w - 2 scrolls of immolation
 x - a scroll of enchant weapon {unknown}
 y - 2 scrolls of noise {unknown}
 E - a scroll of magic mapping {unknown}
Potions
 d - 2 potions of lignification {unknown}
 e - a potion of mutation {unknown}
 f - 2 potions of curing
 g - 2 potions of degeneration {unknown}
 k - a potion of might {unknown}
 r - 2 potions of attraction {unknown}
 D - a potion of flight {unknown}


   Skills:
 - Level 3.0 Fighting
 * Level 4.9 Ranged Weapons
 - Level 3.0 Dodging
 - Level 2.0 Stealth


You had 4 spell levels left.
You didn't know any spells.
Your spell library contained the following spells:

 Spells                   Type           Power      Damage    Failure   Level
 Summon Small Mammal      Summ           0%         N/A       17%         1
 Call Canine Familiar     Summ           0%         N/A       45%         3
 Summon Guardian Golem    Hex/Summ       0%         N/A       45%         3


Dungeon Overview and Level Annotations

Branches:
Dungeon (4/15)
 Temple: D:4-7

Portals:
Abyss: D:3


Innate Abilities, Weirdness & Mutations

You have an increased reservoir of magic. (+10% MP)
You shall have no god before yourself.
Your divine heritage dramatically boosts your attributes as you level up.


Message History

Okay, then.
A jelly comes into view.
You see here a ball python corpse.
Fire: a) +0 shortbow
Press: ? - help, Q - select action Shift-Dir - straight line, f - jelly
Aim: a jelly (91% to hit)
You shoot an arrow. The arrow hits the jelly.
The jelly is lightly wounded.
You hear a shout!
You hear an angry hiss.
You hear a shout!
Fire: a) +0 shortbow
Press: ? - help, Q - select action Shift-Dir - straight line, f/p - jelly
Aim: a jelly (lightly wounded, 91% to hit)
You shoot an arrow. The arrow hits the jelly.
The jelly is moderately wounded.
The jelly barely misses you.
The jelly jiggles.
The jelly hits you. The acid corrodes you!
You are splashed with acid!
Fire: a) +0 shortbow
Press: ? - help, Q - select action Shift-Dir - straight line, f/p - jelly
Aim: a jelly (moderately wounded, 91% to hit)
You shoot an arrow. The arrow hits the jelly.
The jelly is heavily wounded.
The jelly hits you. The acid corrodes you!
You are splashed with acid!
* * * LOW HITPOINT WARNING * * *
Fire: a) +0 shortbow
Press: ? - help, Q - select action Shift-Dir - straight line, f/p - jelly
Aim: a jelly (heavily wounded, 91% to hit)
You shoot an arrow. The arrow hits the jelly.
The jelly is heavily wounded.
The jelly closely misses you.
Fire: a) +0 shortbow
Press: ? - help, Q - select action Shift-Dir - straight line, f/p - jelly
Aim: a jelly (heavily wounded, 91% to hit)
You shoot an arrow. The arrow hits the jelly.
The jelly is heavily wounded.
You hear an angry hiss.
The jelly hits you.
* * * LOW HITPOINT WARNING * * *
You are splashed with acid!
You die...

###.# #...#
#.... #
#####...# #
S...?#..#.#
...).[..#.#
#S.....#
##.#######.#
#..†J@†.)).#
.....#########
####.# ###
...... ####.#
####.# .....#
######


You could see a jelly.

Vanquished Creatures
  A howler monkey (D:4)
  A hound (D:4)
  Terence (D:3)
  An orc wizard (D:4)
  An adder (D:4)
  A worm (D:2)
  A dart slug (D:1)
  8 orcs
  10 bats
  7 endoplasms
  2 giant cockroaches
  4 goblins
  7 hobgoblins
  5 quokkas
  8 ball pythons
  2 frilled lizards (D:3)
  7 kobolds
  4 rats
71 creatures vanquished.

Notes
Turn   | Place    | Note
-------+----------+-------------------------------------------
     0 | D:1      | avis the Demigod Hunter began the quest for the Orb.
     0 | D:1      | Reached XP level 1. HP: 17/17 MP: 3/3
   186 | D:1      | Reached skill level 4 in Ranged Weapons
   242 | D:1      | Reached XP level 2. HP: 23/24 MP: 4/4
  1248 | D:2      | Reached XP level 3. HP: 29/29 MP: 5/5
  1549 | D:2      | Reached skill level 1 in Stealth
  1963 | D:3      | Noticed Terence
  1969 | D:3      | Killed Terence
  1970 | D:3      | Reached XP level 4. HP: 27/37 MP: 6/6
  2332 | D:3      | Found a one-way gate to the infinite horrors of the Abyss.
  2356 | D:3      | Found a large runed translucent door.
  2356 | D:3      | Found a large runed translucent door.
  2945 | D:4      | Reached XP level 5. HP: 22/45 MP: 7/7
  2977 | D:4      | Splashed by a jelly's acid

Illustrated notes

Levels and vault maps discovered:
D:1:      mrwooster_arrival_arrow, layout_basic
D:2:      layout_loops_cross, basic_altar, hellmonk_ecumenical_altar_arch_garden
D:3:      due_chaos_kobolds, layout_basic, uniq_terence
D:4:      layout_loops_ring

Skill      XL: |  1  2  3  4 |
---------------+-------------+-----
Fighting       | 2 3 |  3.0
Ranged Weapons | 4 |  4.9
Dodging        | 2 3 |  3.0
Stealth        | 2 |  2.0

Action                     |  1- 3 |  4- 6 || total
---------------------------+-------+-------++-------
   Fire: Shortbow          |   117 |    72 ||   189
    Use: Potion            |       |     1 ||     1
 Armour: Leather armour    |    13 |     8 ||    21
  Dodge: Dodged            |    30 |    39 ||    69

Table legend: (Time is in decaauts)
 A = Elapsed time spent in this place.
 B = Non-inter-level travel time spent in this place.
 C = Inter-level travel time spent in this place.
 D = Time resting spent in this place.
 E = Time spent auto-exploring this place.
 F = Levels seen in this place.
 G = Mean time per level.
                   A        B        C        D        E       F      G
               +--------+--------+--------+--------+--------+-----+--------+
         Total |   3039 |   2601 |    438 |    310 |   1660 |   4 |  759.8 |
       Dungeon |   3039 |   2601 |    438 |    310 |   1660 |   4 |  759.8 |
               +--------+--------+--------+--------+--------+-----+--------+

Top non-repeatable levels by time:
     D:1: 1230 daAuts
     D:3: 907 daAuts
     D:2: 783 daAuts
     D:4: 117 daAuts
